 Dungeon Crawl Stone Soup version 0.20-a0-441-g89e74e4 (webtiles) character file.

571 Kriby the Magician (level 7, -10/46 HPs)
             Began as a Mummy Fire Elementalist on Jan 6, 2017.
             Killed from afar by Dowan (18 damage)
             ... with a shard of ice
             ... on level 4 of the Dungeon.
             The game lasted 00:08:23 (13764 turns).

Kriby the Magician (Mummy Fire Elementalist)       Turns: 13764, Time: 00:08:24

Health: -10/46     AC:  3    Str: 11    XL:     7   Next: 12%
Magic:  3/17       EV: 12    Int: 16    God:
Gold:   136        SH:  0    Dex: 13    Spells: 8/20 levels left

rFire  x . .     SeeInvis .     o - +2 spear (flame)
rCold  + . .     Gourm    .     a - +0 robe
rNeg   + + +     Faith    .     (no shield)
rPois  ∞         Spirit   .     q - +0 helmet
rElec  .         Reflect  .     (no cloak)
rCorr  .         Harm     .     (no gloves)
MR     +....                    (no boots)
Stlth  ++........               (no amulet)
                                r - ring of protection from magic
                                n - ring of flight

@: no status effects
A: no food or potions, fire vulnerability, cold resistance 1, negative energy
resistance 3, torment resistance, unbreathing
a: Evoke Flight


You were on level 4 of the Dungeon.
You were not hungry.

You visited 1 branch of the dungeon, and saw 4 of its levels.

You collected 136 gold pieces.

Inventory:

Hand Weapons
 k - a +0 dagger of speed
 o - a +2 spear of flaming (weapon)
Missiles
 g - 10 tomahawks (quivered)
Armour
 a - a +0 robe (worn)
 q - a +0 helmet (worn)
Jewellery
 n - a ring of flight (left hand)
 r - a ring of protection from magic (right hand)
Scrolls
 c - 6 scrolls of identify {unknown}
 d - a scroll of fog {unknown}
 e - a scroll of teleportation {unknown}
 f - a scroll of enchant weapon {unknown}
 h - a scroll of remove curse {unknown}
 i - 2 scrolls of fear {unknown}
 j - a scroll of magic mapping {unknown}
 l - a scroll of blinking {unknown}
 p - a scroll of noise {unknown}
Books
 b - a book of Flames

   Spells                             Type                      Level
   a - Flame Tongue                   Conjuration/Fire             1
   b - Throw Flame                    Conjuration/Fire             2
   c - Conjure Flame                  Conjuration/Fire             3
   d - Inner Flame                    Hexes/Fire                   3
   e - Sticky Flame                   Conjuration/Fire             4
   f - Fireball                       Conjuration/Fire             5
 m - a book of Minor Magic

   Spells                             Type                      Level
   a - Magic Dart                     Conjuration                  1
   b - Blink                          Translocation                2
   c - Call Imp                       Summoning                    2
   d - Repel Missiles                 Charms/Air                   2
   e - Slow                           Hexes                        2
   f - Conjure Flame                  Conjuration/Fire             3
   g - Mephitic Cloud                 Conjuration/Poison/Air       3


   Skills:
 - Level 1.5 Dodging
 - Level 1.5 Stealth
 * Level 7.3 Spellcasting
 * Level 3.2 Conjurations
 + Level 3.4 Fire Magic


You had 8 spell levels left.
You knew the following spells:

 Your Spells              Type           Power        Failure   Level  Hunger
a - Flame Tongue          Conj/Fire      ###..        3%          1    N/A
b - Conjure Flame         Conj/Fire      ###.....     12%         3    N/A
c - Sticky Flame          Conj/Fire      ###.....     34%         4    N/A
d - Throw Flame           Conj/Fire      ###...       6%          2    N/A
T - Blink                 Tloc           N/A          21%         2    N/A

Dungeon Overview and Level Annotations

Branches:
Dungeon (4/15)
 Temple: D:4-7

Altars:
Ashenzari
Makhleb
Ru

Shops:
D:4 (:

Annotations:
D:4 Dowan


Innate Abilities, Weirdness & Mutations

You do not eat or drink.
Your flesh is vulnerable to fire.
You are immune to poison.
Your flesh is cold resistant. (rC+)
You are immune to negative energy. (rN+++)
You are immune to unholy pain and torment.
You can survive without breathing.


Message History

You hear some strange, mumbled words.
A stone arrow appears from out of thin air!
The stone arrow misses you.
Attack whom?
Press: ? - help, Dir - move target cursor, f - you
Okay, then.
Things that are here:
a sedimented puce potion; a whip You hear some strange, mumbled words.
A shard of ice appears from out of thin air!
The shard of ice hits you! You partially resist. Something hits you.
You hear some strange, mumbled words.
A stone arrow appears from out of thin air!
The stone arrow hits you!
* * * LOW HITPOINT WARNING * * *
You hear some strange, mumbled words.
A shard of ice appears from out of thin air!
The shard of ice hits you! You partially resist.
You die...

###..### #..# #...##
#.... #.### #### .....
##### ##.# ##..# .....
##...## #..# #.###
#..... ##..#..## #..##
##.# #.....
#..###..###...#####..#
#.###.. #.##
##..##....<....## ##.
#.# ##∩......@...##
#)# #.# #.........###
##.# #.## ########.{#
#..# #..## #..# #..#
##...#### #..# #..#
........##
#..######.##
..####...# #....!....#
...####..##
##.......##
...>......# #..(...##


There were no monsters in sight!

Vanquished Creatures
  Duvessa (D:4)
  A scorpion (D:4)
  A howler monkey (D:4)
  A hound (D:4)
  A centaur skeleton (D:4)
  A worker ant (D:3)
  Robin (D:3)
  10 adders
  3 gnolls (D:3)
  5 oozes
  A dart slug (D:3)
  4 worms
  2 leopard geckos (D:1)
  8 orcs
  4 ball pythons
  14 bats
  3 giant cockroaches
  21 goblins
  8 hobgoblins
  6 jackals
  6 quokkas
  7 frilled lizards
  9 kobolds
  7 rats
125 creatures vanquished.

Notes
Turn   | Place    | Note
-------+----------+-------------------------------------------
     0 | D:1      | Kriby the Mummy Fire Elementalist began the quest for the Orb.
     0 | D:1      | Reached XP level 1. HP: 13/13 MP: 4/4
    60 | D:1      | Reached skill level 1 in Conjurations
    89 | D:1      | Reached skill level 3 in Spellcasting
   263 | D:1      | Reached XP level 2. HP: 16/19 MP: 1/6
  1023 | D:1      | Reached skill level 4 in Spellcasting
  1023 | D:1      | Reached XP level 3. HP: 24/24 MP: 2/8
  1908 | D:2      | Learned a level 2 spell: Blink
  2040 | D:2      | Reached skill level 5 in Spellcasting
  2040 | D:2      | Reached XP level 4. HP: 26/30 MP: 6/11
  2086 | D:2      | Found a burning altar of Makhleb.
  2091 | D:2      | Found a shattered altar of Ashenzari.
  2092 | D:2      | Found a sacrificial altar of Ru.
  4298 | D:2      | Learned a level 3 spell: Conjure Flame
  4303 | D:2      | Learned a level 4 spell: Sticky Flame
  4306 | D:2      | Learned a level 2 spell: Throw Flame
  5790 | D:2      | Reached skill level 6 in Spellcasting
  6206 | D:2      | Noticed a hornet
  6258 | D:3      | Noticed Robin
  6297 | D:3      | Reached XP level 5. HP: 20/35 MP: 10/13
  6595 | D:3      | Killed Robin
  8851 | D:3      | Reached XP level 6. HP: 41/41 MP: 12/15
 13121 | D:3      | Noticed a cyclops
 13223 | D:4      | Noticed Duvessa
 13223 | D:4      | Noticed Dowan
 13249 | D:4      | Found Caemot's Antique Weapon Boutique.
 13389 | D:4      | Found Hygenauc's Book Shoppe.
 13522 | D:4      | Reached skill level 7 in Spellcasting
 13744 | D:4      | Killed Duvessa
 13744 | D:4      | Reached XP level 7. HP: 33/46 MP: 3/17
 13764 | D:4      | Killed from afar by Dowan

Vault maps used:
D:1:      erik_arrival_gehennom
D:2:      grunt_temple_overflow_open
D:3:      uniq_robin
D:4:      first_bread, serial_shops, shop, shop, minmay_misc_feat_ornament,
          uniq_duvessa

Skill      XL: |  1  2  3  4  5  6 |
---------------+-------------------+-----
Conjurations   | 1 2 3 |  3.2
Spellcasting   | 3 4 5 6 7 |  7.3
Fire Magic     | 3 |  3.4
Dodging        | |  1.5
Stealth        | |  1.5

Action                   |  1- 3 |  4- 6 |  7- 9 || total
-------------------------+-------+-------+-------++-------
Melee: Unarmed           |     1 |       |       ||     1
       Dagger            |    12 |     1 |       ||    13
       Spear             |       |     9 |     1 ||    10
Throw: Tomahawk          |       |     2 |       ||     2
 Cast: Flame Tongue      |    74 |   193 |     3 ||   270
       Conjure Flame     |       |     3 |       ||     3
Armor: Robe              |    10 |    28 |       ||    38
Dodge: Dodged            |    31 |    82 |     1 ||   114
